 Dungeon Crawl Stone Soup version 0.21.1-1-g345015f (webtiles) character file.

69 tyranidshit the Skirmisher (level 4, -1/38 HPs)
             Began as a Demonspawn Abyssal Knight on July 30, 2018.
             Was a Follower of Lugonu.
             Slain by an adder (3 damage)
             ... on level 1 of the Dungeon.
             The game lasted 00:03:51 (1150 turns).

tyranidshit the Skirmisher (DsAK)                   Turns: 1150, Time: 00:03:52

Health: -1/38      AC:  7    Str: 13    XL:     4   Next: 2%
Magic:  5/5        EV: 10    Int: 13    God:    Lugonu [*.....]
Gold:   72         SH:  0    Dex: 13    Spells: 3/3 levels left

rFire    . . .     SeeInvis .   a - +1 hand axe
rCold    . . .     Gourm    .   (no shield)
rNeg     . . .     Faith    .   g - +0 ring mail
rPois    .         Spirit   .   (no helmet)
rElec    .         Reflect  .   (no cloak)
rCorr    .         Harm     .   (no gloves)
MR       .....                  (no boots)
Stlth    +.........             (no amulet)
HPRegen  0.12/turn              (no ring)
MPRegen  0.09/turn              (no ring)

@: drained
A: thin metallic scales 1, powered by death 1
a: Depart the Abyss, Renounce Religion


You were on level 1 of the Dungeon.
You worshipped Lugonu.
Lugonu was aware of your devotion.
You were hungry.

You visited 1 branch of the dungeon, and saw 2 of its levels.
You visited the Abyss 1 time.

You collected 72 gold pieces.

Inventory:

Hand Weapons
 a - a +1 hand axe (weapon)
Armour
 b - a +0 leather armour
 g - a +0 ring mail (worn)
Scrolls
 f - a scroll of identify
Comestibles
 c - 3 rations


   Skills:
 + Level 4.9(4.1) Fighting
 - Level 1.7(0.9) Axes
 - Level 1.7(0.9) Armour
 - Level 0.8(0.1) Dodging
 - Level 2.4(1.6) Invocations


You had 3 spell levels left.
You didn't know any spells.

Dungeon Overview and Level Annotations

Branches:
Dungeon (2/15)

Altars:


Innate Abilities, Weirdness & Mutations

You are partially covered in thin metallic scales. (AC +2)
You regenerate a little health from kills.


Message History

The adder barely misses you.
You miss the adder. The adder barely misses you.
You barely miss the adder. The adder closely misses you.
The adder bites you but does no damage.
You barely miss the adder. The adder closely misses you. x2
You closely miss the adder. The adder bites you but does no damage.
The adder bites you.
* * * LOW HITPOINT WARNING * * *
You miss the adder. The adder bites you but does no damage.
You closely miss the adder.
The adder bites you but does no damage. x2
You hit the adder.
The adder is lightly wounded.
The adder bites you.
* * * LOW HITPOINT WARNING * * *
The adder barely misses you.
You barely miss the adder.
The adder is lightly wounded.
The adder closely misses you. The adder bites you.
You die...

#..# #...###....#.#.#.#
##.###.......#..#.#.#.#
##########..##..[##.....#.#.#.#
........###.##.......#..#.#.#.#
#######.###.##..###.....#.#.#.#
........................#.#.#.#
#####.#.###.##..........†...#.#
#...#.###.###.###.#####.###.#
#.#.#........S@.........# #.#
#.#.#..........############.###
#.#.#..........##.............#
#.#.#..........##.#############
###.#.#..........##.#
......#..........##.#
......#..........##.#
......###.##.##+###.#
.............##.# #.#


You could see an adder.

Vanquished Creatures
  2 adders (D:2)
  2 oozes
  A dart slug (D:2)
  2 leopard geckos (D:2)
  5 bats
  7 giant cockroaches
  3 goblins
  3 hobgoblins (D:1)
  4 jackals (D:1)
  A frilled lizard (D:2)
  3 kobolds
  4 rats (D:1)
37 creatures vanquished.

Notes
Turn   | Place    | Note
-------+----------+-------------------------------------------
     0 | Abyss:1  | tyranidshit the Demonspawn Abyssal Knight began the quest for the Orb.
     0 | Abyss:1  | Reached XP level 1. HP: 18/18 MP: 2/2
    52 | Abyss:1  | Noticed a ynoxinul
    53 | Abyss:1  | Noticed an ancient zyme
    64 | Abyss:1  | Noticed a thrashing horror
    66 | D:1      | Escaped the Abyss
   152 | D:1      | Reached * piety under Lugonu
   157 | D:1      | Gained mutation: You are partially covered in thin metallic scales. (AC +2) [demonic ancestry]
   157 | D:1      | Reached XP level 2. HP: 21/24 MP: 3/3
   256 | D:1      | Reached skill level 4 in Fighting
   644 | D:1      | Reached XP level 3. HP: 30/30 MP: 4/4
  1026 | D:2      | Gained mutation: You regenerate a little health from kills. [demonic ancestry]
  1026 | D:2      | Reached XP level 4. HP: 20/38 MP: 5/5
  1147 | D:1      | HP: 1/38 [adder (3)]
  1150 | D:1      | Slain by an adder

Skill      XL: |  1  2 |
---------------+-------+-----
Fighting       | 4 |  4.9
Axes           | |  1.7
Armour         | |  1.7
Dodging        | |  0.8
Invocations    | |  2.4

Action                   |  1- 3 |  4- 6 || total
-------------------------+-------+-------++-------
Melee: Hand axe          |   105 |    11 ||   116
Invok: Depart the Abyss  |     1 |       ||     1
  Use: Scroll            |     3 |     2 ||     5
       Potion            |     4 |       ||     4
Armor: Leather armour    |    35 |       ||    35
       Ring mail         |    37 |    15 ||    52
Dodge: Dodged            |    65 |    21 ||    86
